 Dungeon Crawl Stone Soup version 0.31.0-1-g2c135a008e (webtiles) character file.

Game seed: 7650983328317976810

325 qw the Shooter (level 6, -5/46 HPs)
             Began as a Djinni Hunter on Jan 23, 2024.
             Slain by a lemure (7 damage)
             ... led by Pikel
             ... on level 5 of the Dungeon.
             The game lasted 00:00:11 (2436 turns).

qw the Shooter (Djinni Hunter)                      Turns: 2436, Time: 00:00:12

Health: -5/46      AC:  8    Str: 10    XL:     6   Next: 78%
Gold:   200        EV: 11    Int: 11    God:
                   SH:  0    Dex: 18

rFire   + + .        a - +0 shortbow
rCold   x . .        (shield currently unavailable)
rNeg    . . .        k - +0 ring mail
rPois   inf          (no helmet)
rElec   .            (no cloak)
rCorr   +            d - +2 pair of gloves
SInv    .            (boots unavailable)
Will    .....        (no amulet)
Stlth   +            i - ring of resist corrosion
HPRegen 0.27/turn    (no ring)
MPRegen 0.00/turn

%: infuse magic (-6 HP)
@: flying
A: sickness immunity, fire resistance 2, cold vulnerability 1, float, innate
caster, HP casting, extra vitality 1
a: no special abilities


You were on level 5 of the Dungeon.
You visited 1 branch of the dungeon, and saw 5 of its levels.

You collected 200 gold pieces.


Innate Abilities, Weirdness & Mutations

You are immune to sickness and miasma.
You are immune to poison.
Your flesh is very heat resistant. (rF++)
You are vulnerable to cold. (rC-)
You float through the air rather than walking.
You learn spells naturally, not from books.
Your magical power is your life essence.
You have superior vitality. (+4 MHP)


   Skills:
 + Level 3.2 Fighting
 - Level 5.4 Ranged Weapons
 - Level 1.5 Armour
 - Level 3.0 Dodging
 - Level 0.7 Stealth


You knew the following spells:

 Your Spells              Type           Power      Damage    Failure   Level
a - Slow                  Hex            0%         N/A       65%         1
b - Scorch                Fire           0%         2d5       80%         2
Your spell library was empty.

Inventory:

Hand Weapons
 a - a +0 shortbow (weapon)
Armour
 d - a +2 pair of gloves (worn)
 k - a +0 ring mail (worn)
Jewellery
 i - a ring of resist corrosion (left hand)
Wands
 b - a wand of flame (7)
Potions
 e - a potion of might
 f - a potion of cancellation {unknown}
 g - a potion of berserk rage {unknown}
 j - a potion of curing {unknown}

Dungeon Overview and Level Annotations

Branches:
Dungeon (6/15)
 Temple: D:4-7

Altars:

Annotations:
D:2 1 runed translucent door, Crazy Yiuf


Message History

You shoot an arrow.
The arrow hits the adder but does no damage.
The adder bites you but does no damage. The adder barely misses you.
You shoot an arrow. The arrow misses the adder.
The arrow barely misses the lemure.
The adder bites you. The adder closely misses you.
You shoot an arrow. The arrow hits the adder.
The adder is lightly wounded.
The adder bites you.
A scorpion comes into view.
You shoot an arrow. The arrow hits the adder.
The adder is severely wounded.
Your attacks no longer feel as feeble.
The adder barely misses you. The adder bites you.
You shoot an arrow. The arrow closely misses the adder.
The arrow hits the lemure!
The lemure is moderately wounded.
The adder completely misses you. The adder bites you but does no damage.
You shoot an arrow. The arrow misses the adder.
The arrow barely misses the lemure.
The adder bites you but does no damage.
An orc wizard comes into view. It is wielding a +0 dagger.
The adder closely misses you.
You shoot an arrow. The arrow hits the adder.
The adder is almost dead.
The scorpion stings you but does no damage.
The adder barely misses you.
You shoot an arrow. The arrow hits the adder!
You kill the adder!
The scorpion stings you.
The scorpion stings you but does no damage.
The lemure hits you but does no damage.
You shoot an arrow. The arrow hits the lemure.
The lemure is heavily wounded.
The scorpion stings you.
The orc wizard gestures wildly while chanting.
The orc wizard flickers and vanishes!
Deactivating autopickup; reactivate with Ctrl-A.
The lemure hits you!
You die...

... ...
... #{#
#.# #.#
#s# #@#
#5# #5.
#...
.....
......
...<..#
#.....##


You could see 2 lemures and a scorpion.

Vanquished Creatures
  An ogre (D:5)
  A hound (D:6)
  Jessica (D:3)
  Ijyb (D:2)
  An orc wizard (D:3)
  A gnoll (D:5)
  2 adders
  2 ufetubi (D:6)
  2 ribbon worms
  2 dart slugs (D:2)
  7 orcs
  10 endoplasms
  6 giant cockroaches
  2 goblins (D:1)
  7 hobgoblins
  11 jackals
  4 kobolds
  5 ball pythons
  4 bats
  2 frilled lizards
  7 rats
79 creatures vanquished.

Notes
Turn   | Place    | Note
-------+----------+-------------------------------------------
     0 | D:1      | qw the Djinni Hunter began the quest for the Orb.
     0 | D:1      | Reached XP level 1. HP: 18/18 MP: 0/0
     0 | D:1      | 0 ||| qw: Version: 0.3-a-135-gb77e89d
     0 | D:1      | 0 ||| qw: Game counter: 780
     0 | D:1      | 0 ||| qw: Melee chars always use a shield: true
     0 | D:1      | 0 ||| qw: God list: Okawaru
     0 | D:1      | 0 ||| qw: Allow faded altars: false
     0 | D:1      | 0 ||| qw: Do Orc after clearing Dungeon:15 true
     0 | D:1      | 0 ||| qw: Do second Lair branch before Depths: true
     0 | D:1      | 0 ||| qw: Lair rune preference: random
     0 | D:1      | 0 ||| qw: Goals: Normal
     0 | D:1      | 0 ||| PLANNING D:1-11
    50 | D:1      | Reached XP level 2. HP: 23/23 MP: 0/0
   195 | D:1      | Reached XP level 3. HP: 28/28 MP: 0/0
   195 | D:1      | Learned a level 1 spell: Slow
   204 | D:1      | Reached skill level 4 in Ranged Weapons
   455 | D:1      | 455 ||| UPGRADING to +0 pair of gloves.
   460 | D:1      | 460 ||| UPGRADING to ring of resist corrosion.
   461 | D:1      | 461 ||| READING scroll labelled WIL ETAVAU.
   462 | D:1      | 462 ||| READING scroll labelled VEFUNTI SELLUR.
   462 | D:1      | 462 ||| IDENTIFYING 2 scrolls labelled GIXTIU SUUNOU
   463 | D:1      | 463 ||| READING 2 scrolls of enchant armour.
   463 | D:1      | 463 ||| ENCHANTING +0 pair of gloves.
   464 | D:1      | 464 ||| READING scroll of enchant armour.
   464 | D:1      | 464 ||| ENCHANTING +1 pair of gloves.
   465 | D:1      | 465 ||| READING 2 scrolls labelled MIL YLATIKK.
   469 | D:1      | 469 ||| DROPPING scroll of butterflies.
   688 | D:2      | Found a runed translucent door.
   689 | D:2      | Noticed Crazy Yiuf
  1010 | D:2      | Reached XP level 4. HP: 31/34 MP: 0/0
  1016 | D:2      | Reached skill level 3 in Fighting
  1288 | D:2      | 1288 ||| READING scroll of identify.
  1288 | D:2      | 1288 ||| IDENTIFYING blue potion
  1289 | D:2      | 1289 ||| READING scroll labelled REOM FUDUOJE.
  1305 | D:3      | Noticed Ijyb
  1307 | D:3      | 1307 ||| STAIRDANCE
  1320 | D:2      | Killed Ijyb
  1321 | D:2      | Reached skill level 3 in Dodging
  1397 | D:3      | 1397 ||| STAIRDANCE
  1519 | D:3      | Reached XP level 5. HP: 37/40 MP: 0/0
  1519 | D:3      | Learned a level 2 spell: Scorch
  1700 | D:3      | 1700 ||| UPGRADING to +0 ring mail.
  1710 | D:3      | 1710 ||| DROPPING +0 leather armour.
  1713 | D:3      | Noticed Jessica
  1731 | D:3      | 1731 ||| FLEEEEING.
  1732 | D:3      | 1732 ||| ZAPPING wand of flame (17) at 1,6 (Jessica;
                  | floor).
  1733 | D:3      | 1733 ||| ZAPPING wand of flame (16) at 1,5 (Jessica;
                  | floor).
  1733 | D:3      | Killed Jessica
  1734 | D:3      | Reached skill level 1 in Armour
  2020 | D:3      | You are sucked into a shaft and drop 3 floors!
  2050 | D:6      | Noticed an orc warrior
  2051 | D:6      | 2051 ||| RETREEEEATING.
  2052 | D:6      | 2052 ||| RETREEEEATING.
  2053 | D:6      | 2053 ||| RETREEEEATING.
  2054 | D:6      | 2054 ||| RETREEEEATING.
  2058 | D:6      | HP: 8/40 [ufetubus (4)]
  2059 | D:6      | 2059 ||| READING 3 scrolls of teleportation.
  2061 | D:6      | Reached XP level 6. HP: 5/46 MP: 0/0
  2061 | D:6      | 2061 ||| ZAPPING wand of flame (15) at -1,0 (orc warrior;
                  | open_door).
  2062 | D:6      | 2062 ||| ZAPPING wand of flame (14) at -1,0 (orc warrior;
                  | open_door).
  2063 | D:6      | 2063 ||| READING 2 scrolls of teleportation.
  2065 | D:6      | HP: 6/46 [jelly (1)]
  2065 | D:6      | HP: 2/46 [acid (4)]
  2337 | D:5      | Entered Level 5 of the Dungeon
  2366 | D:5      | Noticed an ogre
  2367 | D:5      | 2367 ||| ZAPPING wand of flame (13) at -7,1 (ogre; floor).
  2368 | D:5      | 2368 ||| ZAPPING wand of flame (12) at -6,0 (ogre; floor).
  2369 | D:5      | 2369 ||| ZAPPING wand of flame (11) at -5,0 (ogre; floor).
  2370 | D:5      | 2370 ||| ZAPPING wand of flame (10) at -4,0 (ogre; floor).
  2371 | D:5      | 2371 ||| ZAPPING wand of flame (9) at -3,0 (ogre; floor).
  2372 | D:5      | 2372 ||| ZAPPING wand of flame (8) at -2,0 (ogre; floor).
  2372 | D:5      | Killed an ogre
  2373 | D:5      | Reached skill level 5 in Ranged Weapons
  2422 | D:5      | HP: 10/46 [gnoll/+0 flail[a gnoll bouda] (2)]
  2423 | D:5      | 2423 ||| READING scroll of teleportation.
  2429 | D:5      | HP: 11/46 [adder (1)]
  2435 | D:5      | HP: 4/46 [scorpion (5)]
  2436 | D:5      | Slain by a lemure

Levels and vault maps discovered:
D:1:      dpeg_arrival_prison, layout_rooms
D:2:      layout_loops_corners, st_stairs_8, grunt_ministairs_15,
          uniq_crazy_yiuf_cottage
D:3:      layout_rooms, minmay_checkerbox, uniq_ijyb, uniq_jessica
D:5:      layout_loops_ring, minmay_temple_entry_gardened_gates,
          minmay_misc_feat_roman, uniq_pikel, uniq_edmund
D:6:      kennysheep_windowed_halls, layout_basic, minmay_nine_imps

Skill      XL: |  1  2  3  4  5  6 |
---------------+-------------------+-----
Ranged Weapons | 4 5 |  5.4
Fighting       | 3 |  3.2
Dodging        | 3 |  3.0
Armour         | 1 |  1.5
Stealth        | |  0.7

Action                     |  1- 3 |  4- 6 || total
---------------------------+-------+-------++-------
   Fire: Shortbow          |   100 |   178 ||   278
  Evoke: Wand              |       |    10 ||    10
    Use: Scroll            |     5 |     5 ||    10
 Armour: Leather armour    |    13 |    20 ||    33
         Ring mail         |       |   123 ||   123
  Dodge: Dodged            |    22 |   102 ||   124

Table legend:
 A = Non-vault XP
 B = Vault XP
 C = Vault XP percentage of total XP
 D = Non-vault monster count
 E = Vault monster count
 F = Vault count percentage of total count
                 A         B        C        D         E       F
            +---------+---------+-------+---------+---------+-------
      Total |     376 |      89 |  19.1 |      68 |      11 |  13.9
            +---------+---------+-------+---------+---------+-------
        D:1 |      33 |       4 |  10.8 |      18 |       2 |  10.0
        D:2 |      40 |      41 |  50.6 |      20 |       4 |  16.7
        D:3 |      96 |      44 |  31.4 |      23 |       5 |  17.9
        D:5 |     146 |       0 |   0.0 |       3 |       0 |   0.0
        D:6 |      61 |       0 |   0.0 |       4 |       0 |   0.0
            +---------+---------+-------+---------+---------+-------
